 Dungeon Crawl Stone Soup version 0.20-a0-464-g526fb3c (webtiles) character file.

49 Duffy the Magician (level 3, 19/19 HPs)
             Began as a Deep Elf Air Elementalist on Jan 11, 2017.
             Was a Follower of Uskayaw.
             Quit the game on level 2 of the Dungeon.
             The game lasted 00:01:47 (2650 turns).

Duffy the Magician (Deep Elf Air Elementalist)      Turns: 2650, Time: 00:01:47

Health: 19/19      AC:  2    Str:  5    XL:     3   Next: 53%
Magic:  10/10      EV: 13    Int: 20    God:    Uskayaw [*.....]
Gold:   192        SH:  0    Dex: 15    Spells: 4/10 levels left

rFire  . . .     SeeInvis .     (no weapon)
rCold  . . .     Gourm    .     a - +0 robe
rNeg   . . .     Faith    .     (no shield)
rPois  .         Spirit   +     (no helmet)
rElec  .         Reflect  .     (no cloak)
rCorr  .         Harm     .     (no gloves)
MR     .....                    (no boots)
Stlth  ++........               u - amulet of guardian spirit
                                (no ring)
                                (no ring)

@: repel missiles
A: no striking features
a: Stomp, Renounce Religion


You were on level 2 of the Dungeon.
You worshipped Uskayaw.
Uskayaw was noncommittal.
You were not hungry.

You visited 1 branch of the dungeon, and saw 2 of its levels.

You collected 192 gold pieces.

Inventory:

Armour
 a - a +0 robe (worn)
Jewellery
 u - an amulet of guardian spirit (around neck)
Scrolls
 e - 3 scrolls of identify {unknown}
 j - a scroll of amnesia {unknown}
 l - a scroll of blinking {unknown}
 o - a scroll of recharging {unknown}
 p - a scroll of immolation {unknown}
 q - a scroll of teleportation {unknown}
Potions
 g - 2 potions of haste {unknown}
 h - a potion of brilliance {unknown}
 i - a potion of lignification {unknown}
 m - a potion of cancellation {unknown}
 n - a potion of flight {unknown}
 t - a potion of might {unknown}
Books
 b - a book of Air

   Spells                             Type                      Level
   a - Shock                          Conjuration/Air              1
   b - Swiftness                      Charms/Air                   2
   c - Repel Missiles                 Charms/Air                   2
   d - Static Discharge               Conjuration/Air              3
   e - Lightning Bolt                 Conjuration/Air              5
Comestibles
 c - 2 bread rations
 d - 2 meat rations
 f - a beef jerky
 k - 2 slices of pizza
 s - 2 fruits


   Skills:
 - Level 2.4 Dodging
 - Level 2.4 Stealth
 + Level 4.0 Spellcasting
 + Level 2.1 Conjurations
 + Level 3.7 Air Magic


You had 4 spell levels left.
You knew the following spells:

 Your Spells              Type           Power        Failure   Level  Hunger
a - Shock                 Conj/Air       ###.         4%          1    None
c - Static Discharge      Conj/Air       ###.....     14%         3    ###....
m - Repel Missiles        Chrm/Air       ##....       12%         2    #......


Dungeon Overview and Level Annotations

Branches:
Dungeon (2/15)

Altars:
Uskayaw


Message History

Aiming: Shock
Press: ? - help, Shift-Dir - straight line, f - bat
Aim: a bat The zap hits the bat.
You kill the bat!
Casting: Shock
Confirm with . or Enter, or press ? or * to list all spells.
You can't see any susceptible monsters within range! (Use Z to cast anyway.)
Casting: Shock
Confirm with . or Enter, or press ? or * to list all spells.
You can't see any susceptible monsters within range! (Use Z to cast anyway.)
Casting: Shock
Confirm with . or Enter, or press ? or * to list all spells.
You can't see any susceptible monsters within range! (Use Z to cast anyway.)
There is a faded altar of an unknown god here.
You cannot tell which god this altar belongs to.
Convert to them anyway?
Uskayaw accepts your prayer! Uskayaw welcomes you!
You can now stomp with the beat.
Are you sure you want to abandon this character and quit the game? (Confirm with "yes".)

#...#.#.########
+#.
###.#.#.....(...
.. #
#.#.##########
#.# . ..#.(....#
.. # ########.#
#. #.# #.## #.#
### ###..#
#.####.###.##.#
#...#.#@#.#...#
####.###.######
### ###


There were no monsters in sight!

Vanquished Creatures
  An adder (D:2)
  A worm (D:2)
  A dart slug (D:1)
  2 bats (D:2)
  4 giant cockroaches
  6 goblins
  6 hobgoblins
  A quokka (D:2)
  A frilled lizard (D:2)
  2 kobolds (D:1)
  9 rats
34 creatures vanquished.

Notes
Turn   | Place    | Note
-------+----------+-------------------------------------------
     0 | D:1      | Duffy the Deep Elf Air Elementalist began the quest for the Orb.
     0 | D:1      | Reached XP level 1. HP: 10/10 MP: 6/6
   708 | D:1      | Reached XP level 2. HP: 15/15 MP: 2/8
   835 | D:1      | Learned a level 2 spell: Repel Missiles
  1715 | D:2      | Reached XP level 3. HP: 19/19 MP: 6/10
  1753 | D:2      | Learned a level 3 spell: Static Discharge
  2371 | D:2      | Reached skill level 4 in Spellcasting
  2634 | D:2      | Found a faded altar of an unknown god.
  2649 | D:2      | Became a worshipper of Uskayaw the Reveler
  2649 | D:2      | Reached * piety under Uskayaw
  2650 | D:2      | Quit the game

Vault maps used:
D:1:      matt_arrival_spirals
D:2:      chequers_ecumenical_altar_twisty, minmay_tiny_reverse_x

Skill      XL: |  1  2  3 |
---------------+----------+-----
Conjurations   | 2 |  2.1
Spellcasting   | 4 |  4.0
Dodging        | |  2.4
Stealth        | |  2.4
Air Magic      | |  3.7

Action                   || total
-------------------------++-------
 Cast: Shock             ||    74
       Repel Missiles    ||     1
  Eat: Chunk             ||     5
Dodge: Dodged            ||     5
